Map: Kairos Junction LE

Players

Bundaberg - Winner!

  • Race: Zerg Zerg
  • League: Master
  • Spawn Location: 5:00

IIIIIIIIIIII

  • Race: Protoss Protoss
  • League: Master
  • Spawn Location: 11:00

VOD

Have the link to the VOD?

Description

Time

  • Played on: Feb. 9, 2019, 2:03 a.m.
  • Length: 7:39
Show
View Real Time Build Order
Export as new Build Order

Bundaberg Zerg - Winner!

Build Orders: Hatch First 

Get SALT Encoding   

  12  0:01  Drone  
  13  0:12  Overlord  
  13  0:17  Drone  
  14  0:30  Drone x2  
  14  0:35  Drone  
  17  0:53  Hatchery  
  17  0:56  Drone  
  17  1:01  Drone  
  18  1:10  Extractor  
  17  1:16  Spawning Pool  
  17  1:17  Drone  
  17  1:20  Drone  
  18  1:28  Drone  
  19  1:40  Overlord  
  19  1:49  Drone  
  20  2:03  Zergling x2  
  20  2:05  Queen x2  
  25  2:09  Drone  
  25  2:15  Metabolic Boost  
  26  2:25  Drone x3  
  29  2:38  Hatchery  
  29  2:40  Zergling x4  
  30  2:55  Drone x3  
  30  2:56  Drone  
  34  2:59  Lair  
  33  3:13  Drone  
  33  3:14  Drone x2  
  36  3:20  Overlord  
  36  3:38  Drone x5  
  41  3:45  Overlord  
  40  3:49  Pneumatized Carapace  
  40  3:54  Roach Warren  
  40  3:55  Drone x2  
  41  3:58  Spore Crawler  
  40  4:03  Spore Crawler, Queen  
  40  4:04  Overlord x2  
  41  4:11  Drone  
  41  4:12  Drone x2  
  41  4:14  Overseer  
  44  4:19  Spore Crawler  
  44  4:22  Drone x2, Extractor  
  44  4:23  Drone x2  
  46  4:25  Drone  
  46  4:26  Drone  
  48  4:31  Extractor  
  48  4:34  Drone x3  
  50  4:44  Overlord, Queen  
  52  4:46  Queen  
  54  4:53  Nydus Network  
  54  4:56  Queen  
  55  5:03  Roach  
  55  5:04  Roach x2  
  61  5:17  Roach  
  61  5:18  Roach x4  
  61  5:19  Overlord  
  71  5:22  Overlord  
  71  5:34  Nydus Canal  
  71  5:35  Roach  
  73  5:38  Overlord  
  73  5:39  Roach  
  73  5:40  Roach x3  
  81  6:01  Nydus Canal  
  80  6:11  Roach x8  
  87  6:12  Roach  
  79  6:31  Roach x7  
  79  6:49  Roach x5  
  79  6:50  Roach  
  85  7:15  Roach  
  85  7:16  Roach x2  
  85  7:20  Overlord x3  
Show
View Real Time Build Order
Export as new Build Order

IIIIIIIIIIII Protoss 

Build Orders: 1 Gate Expand, Phoenix Opening 

Get SALT Encoding   

  12  0:00  Probe  
  13  0:12  Probe  
  14  0:19  Pylon  
  14  0:24  Probe  
  15  0:33  Probe  
  15  0:41  Probe  
  16  0:43  Gateway  
  16  0:47  Assimilator  
  17  0:52  Probe  
  18  1:04  Probe  
  19  1:17  Probe  
  20  1:26  Nexus  
  20  1:29  Probe  
  21  1:39  Cybernetics Core  
  21  1:42  Probe  
  22  1:48  Assimilator  
  22  1:53  Pylon  
  22  1:57  Probe  
  23  2:05  Adept  
  23  2:11  Probe  
  26  2:18  Stargate  
  26  2:24  Probe  
  26  2:25  Warp Gate  
  27  2:35  Adept, Probe x2  
  29  2:43  Probe x2  
  33  2:53  Probe x2  
  35  3:00  Phoenix  
  35  3:05  Probe x2  
  39  3:08  Pylon  
  37  3:20  Probe x2  
  37  3:23  Sentry  
  37  3:25  Gateway  
  41  3:30  Assimilator  
  41  3:32  Assimilator  
  41  3:34  Probe x2  
  41  3:39  Twilight Council  
  43  3:46  Probe x2  
  45  3:49  Shield Battery  
  45  3:51  Pylon  
  45  3:52  Pylon  
  45  3:55  Resonating Glaives  
  45  4:00  Probe x2  
  47  4:06  Robotics Facility  
  47  4:12  Probe x2  
  49  4:24  Probe x2  
  49  4:28  Gateway  
  49  4:29  Gateway  
  51  4:31  Gateway  
  51  4:37  Gateway  
  51  4:45  Pylon  
  51  4:47  Adept x2  
  51  4:51  Immortal  
  59  5:02  Nexus  
  59  5:06  Pylon  
  59  5:15  Sentry  
  59  5:16  Sentry  
  63  5:24  Gateway  
  63  5:26  Immortal  
  63  5:27  Gateway  
  63  5:30  Sentry x3  
  63  5:32  Pylon  
  69  5:41  Pylon  
  73  5:45  Zealot x2  
  71  5:57  Zealot x2  
  71  6:01  Immortal  
  53  6:22  Adept x2  
  54  6:31  Immortal  
  48  7:01  Adept  
  48  7:02  Adept  
  52  7:21  Adept x3  
  54  7:30  Adept x2  
Tags
 
Add a new tag
Caveats
  • Supply blocks, unpowered buildings, or Contaminate may cause inaccurate times.
  • Supply counts are checked every 10 seconds.